AoeStats
← joosephy

Nomad

509047593Analyzed
4v4 RM · 6d ago on Sep 25, 2026· 18m 15s· 8 players
Game mode
Random Map
Map size
231×231
Population
200
Speed
Normal
Resources
Standard
Victory
Conquest
Starting age
Dark Age
Ending age
Imperial Age
RankedLock teamsTeams togetherTeam positionsShared explorationLock speedFull tech treeHidden civsTurbo modeCheats
Victory
Defeat
🇹🇼 Persians · Taiwan
1659
+12
🇹🇼 Varangians · Taiwan
1612
+14
🇳🇱 Byzantines · Netherlands
1609
+14
🇫🇮 Danes · Finland
1608
+14
🇺🇸 Mongols · United States
1696
-18
🇹🇼 Danes · Taiwan
1544
-13
🇷🇺 Spanish · Russia
1540
-12
🇹🇼 Celts · Taiwan
1515
-11
Kaarlos
4:08 Loom
12:28 Feudal Age
16:09 Castle Age
17:10 Fishing Lines
Snikolay
8:53 Loom
13:28 Feudal Age
14:27 Double-Bit Axe
19:48 Castle Age
joosephy
4:07 Loom
13:33 Feudal Age
15:56 Double-Bit Axe
P0rr1dg3
10:21 Loom
12:34 Feudal Age
13:28 Double-Bit Axe
16:48 Castle Age
14:49 Fishing Lines
16:10 Scale Barding Armor
17:31 Bloodlines
17:44 Light Cavalry
18:37 Town Watch
Lastmantillidie
4:21 Loom
14:04 Feudal Age
14:45 Fishing Lines
14:58 Double-Bit Axe
18:33 Castle Age
鬼洗
4:50 Loom
13:05 Feudal Age
18:22 Castle Age
17:27 Double-Bit Axe
17:32 Gold Mining
騷護士
3:11 Loom
14:31 Feudal Age
16:26 Double-Bit Axe
18:59 Castle Age
lalaley
5:03 Loom
14:14 Feudal Age
Connection lost

Rejoining the realm…

Still unreachable

The connection could not be restored.

Session expired

The server has moved on; the page needs a fresh start.